 Dungeon Crawl Stone Soup version 0.24.0-123-gd5b16e6ec5 (webtiles) character file.

Game seed: 16612137532709356310, levelgen mode: deterministic

144 Locuples the Covert (level 5, -10/30 HPs)
             Began as a Vampire Assassin on Jan 28, 2020.
             Mangled by an ogre
             ... wielding a +0 giant spiked club
              (18 damage)
             ... on level 3 of the Dungeon.
             The game lasted 00:05:02 (2213 turns).

Locuples the Covert (Vampire Assassin)              Turns: 2213, Time: 00:05:03

Health: -10/30     AC:  4    Str: 15    XL:     5   Next: 5%
Magic:  0/5        EV: 12    Int: 13    God:
Gold:   140        SH:  0    Dex: 17    Spells: 4/4 levels left

rFire    . . .     SeeInvis +   a - +2 dagger
rCold    + + .     Gourm    .   (no shield)
rNeg     + + +     Faith    .   b - +0 robe
rPois    ∞         Spirit   +   (no helmet)
rElec    .         Reflect  .   c - +0 cloak
rCorr    .         Harm     .   j - +0 pair of gloves
MR       .....                  (no boots)
Stlth    ++++++....             q - amulet of guardian spirit
HPRegen  0.00/turn              t - +5 ring of strength
MPRegen  0.09/turn              (no ring)

@: bloodless
A: no food, fangs 3, see invisible, unbreathing
a: Bat Form, Revivify


You were on level 3 of the Dungeon.
You were bloodless.

You visited 1 branch of the dungeon, and saw 3 of its levels.

You collected 140 gold pieces.

Inventory:

Hand Weapons
 a - a +2 dagger (weapon)
Missiles
 d - 5 poisoned darts (quivered)
 e - 2 curare-tipped darts
Armour
 b - a +0 robe (worn)
 c - a +0 cloak (worn)
 j - a +0 pair of gloves (worn)
Jewellery
 q - an amulet of guardian spirit (around neck)
 t - a +5 ring of strength (left hand)
Scrolls
 f - 2 scrolls of fear {unknown}
 h - 2 scrolls of remove curse {unknown}
 i - 10 scrolls of identify {unknown}
 k - a scroll of immolation {unknown}
 l - a scroll of fog {unknown}
 n - a scroll of noise {unknown}
 o - a scroll of blinking {unknown}
 p - a scroll of amnesia {unknown}
Potions
 g - a potion of mutation {unknown}
 m - 2 potions of curing {unknown}
 r - a potion of lignification {unknown}
 s - a potion of invisibility {unknown}
 u - a potion of degeneration {unknown}


   Skills:
 - Level 1.7 Fighting
 + Level 3.1 Short Blades
 - Level 1.5 Throwing
 - Level 1.1 Dodging
 * Level 9.1 Stealth


You had 4 spell levels left.
You didn't know any spells.
Your spell library was empty.

Dungeon Overview and Level Annotations

Branches:
Dungeon (3/15)

Altars:
Kikubaaqudgha


Innate Abilities, Weirdness & Mutations

You do not eat.
You do not regenerate when monsters are visible.
You are frail without blood (-20% HP).
You can heal yourself when you bite living creatures.
You are immune to poison.
You have razor-sharp teeth.
You have supernaturally acute eyesight. (SInv)
You can survive without breathing.


Message History

You throw a poisoned dart. The poisoned dart hits the ogre.
The ogre is poisoned.
The ogre is moderately wounded.
The ogre looks more healthy.
There is a stone staircase leading up here.
Throwing (i - inventory. (/) - cycle)
d - 6 poisoned darts (quivered)
Press: ? - help, Shift-Dir - straight line, f/p - ogre
Aim: an ogre, wielding a +0 giant spiked club (heavily wounded)
You throw a poisoned dart. The poisoned dart hits the ogre.
The ogre is poisoned.
The ogre is heavily wounded.
The ogre hits you with a +0 giant spiked club!!
Ouch! That really hurt!
* * * LOW HITPOINT WARNING * * *
The ogre looks more healthy.
You hit the ogre.
The ogre is severely wounded.
The ogre hits you with a +0 giant spiked club!!
Ouch! That really hurt!
You die...

###.### #. #.# #..^..# ### #.#
#.#.#.# ... #.# #.#.#.# #.# #.##
#.#.#.#### #.# ####..###
#........#####.##### ##.#......
##.....####...#.#...####......###
.†....## #.#.#.#O#.#.......<####
##....# #.#...@.#.####.......†.
#....## ##.#######.# ##.##.####
#####.###..#.......# ## #.#
##...####...#### #.#
##.##.......# #.#
#.##.###.#.##########.# #.##
#.#..........#.# #.#
##.#..#######.#.# #.#
#.........###.#.#


You could see an ogre.

Vanquished Creatures
  Jessica (D:2)
  A worker ant (D:2)
  5 adders
  An ooze (D:1)
  A worm (D:2)
  A dart slug (D:2)
  5 bats
  2 giant cockroaches (D:2)
  4 goblins
  6 hobgoblins
  3 jackals (D:1)
  A quokka (D:3)
  A frilled lizard (D:2)
  6 kobolds
  6 rats
44 creatures vanquished.

Notes
Turn   | Place    | Note
-------+----------+-------------------------------------------
     0 | D:1      | Locuples the Vampire Assassin began the quest for the Orb.
     0 | D:1      | Reached XP level 1. HP: 16/16 MP: 1/1
    56 | D:1      | Reached skill level 6 in Stealth
   172 | D:1      | Reached XP level 2. HP: 17/17 MP: 2/2
  1014 | D:1      | Reached skill level 7 in Stealth
  1454 | D:2      | Noticed Jessica
  1466 | D:2      | Killed Jessica
  1466 | D:2      | Reached XP level 3. HP: 16/21 MP: 3/3
  1489 | D:2      | Reached skill level 8 in Stealth
  1621 | D:2      | Reached XP level 4. HP: 26/26 MP: 4/4
  1749 | D:2      | Found an ancient bone altar of Kikubaaqudgha.
  1820 | D:2      | Reached skill level 9 in Stealth
  2055 | D:3      | Reached XP level 5. HP: 30/30 MP: 5/5
  2151 | D:3      | Noticed an ogre
  2213 | D:3      | Mangled by an ogre

Levels and vault maps discovered:
D:1:      minmay_arrival_up_and_down, layout_basic
D:2:      layout_rooms, kiku_gazebo_pond_becter, uniq_jessica
D:3:      layout_loops_corners, minmay_misc_feat_ornament,
          kennysheep_generic_room_9, uniq_sigmund

Skill      XL: |  1  2  3  4 |
---------------+-------------+-----
Stealth        | 6 7 8 9 |  9.1
Short Blades   | 3 |  3.1
Fighting       | |  1.7
Throwing       | |  1.5
Dodging        | |  1.1

Action                   |  1- 3 |  4- 6 || total
-------------------------+-------+-------++-------
Melee: Dagger            |    75 |    38 ||   113
       Bite              |     7 |     2 ||     9
Throw: Dart              |       |     3 ||     3
 Abil: Exsanguinate      |     1 |       ||     1
 Stab: Sleeping          |     5 |    11 ||    16
Armor: Robe              |    20 |     5 ||    25
Dodge: Dodged            |    37 |    14 ||    51
